Map: Year Zero LE

Players

GunGFuBanDa - Winner!

  • Race: Protoss Protoss
  • League: Master
  • Spawn Location: 1:00

Nerchio

  • Race: Zerg Zerg
  • League: Grandmaster
  • Spawn Location: 11:00

Event: 2019 WCS Winter Europe

VOD

Have the link to the VOD?

Description

Time

  • Played on: Feb. 7, 2019, 9:20 a.m.
  • Length: 13:52

All games in this series

Show
View Real Time Build Order
Export as new Build Order

GunGFuBanDa Protoss - Winner!

Build Orders: 1 Gate Expand, Oracle Opening, Phoenix Opening, Chargelot Immortal, Mass Phoenix 

Get SALT Encoding   

  12  0:00  Probe  
  13  0:13  Probe  
  14  0:18  Pylon  
  14  0:25  Probe  
  15  0:33  Probe  
  15  0:41  Probe  
  16  0:42  Gateway  
  17  0:51  Assimilator, Probe  
  18  1:03  Probe  
  19  1:15  Probe  
  20  1:28  Nexus  
  20  1:36  Probe  
  20  1:38  Cybernetics Core  
  20  1:45  Assimilator, Probe  
  22  1:56  Pylon  
  22  1:57  Probe  
  23  2:04  Adept  
  23  2:15  Probe  
  26  2:22  Stargate  
  26  2:27  Probe  
  27  2:30  Warp Gate  
  27  2:36  Probe, Adept  
  29  2:39  Probe  
  30  2:44  Probe  
  30  2:51  Probe  
  32  2:54  Probe  
  32  2:56  Oracle  
  33  3:06  Probe  
  33  3:07  Probe  
  38  3:16  Pylon  
  38  3:19  Probe x2  
  40  3:29  Assimilator  
  40  3:31  Probe x2  
  40  3:32  Phoenix, Assimilator  
  44  3:41  Probe, Gateway  
  44  3:43  Probe  
  46  3:49  Probe  
  46  3:51  Stargate  
  46  3:55  Probe  
  48  3:58  Probe  
  49  4:06  Probe  
  49  4:07  Probe  
  50  4:13  Phoenix  
  53  4:19  Probe  
  53  4:21  Pylon  
  54  4:25  Pylon  
  54  4:39  Phoenix, Probe  
  54  4:40  Pylon  
  54  4:45  Adept x2  
  61  4:56  Phoenix  
  61  4:58  Nexus, Probe  
  61  4:59  Pylon  
  64  5:06  Phoenix  
  66  5:07  Sentry  
  66  5:08  Zealot  
  66  5:13  Probe  
  70  5:17  Probe  
  70  5:20  Shield Battery  
  72  5:21  Phoenix  
  72  5:28  Probe x2  
  76  5:37  Probe  
  76  5:40  Probe  
  76  5:43  Phoenix, Sentry, Robotics Facility  
  76  5:46  Phoenix  
  76  5:49  Zealot  
  78  5:51  Probe  
  79  5:57  Forge  
  79  5:59  Probe, Twilight Council  
  80  6:14  Probe  
  80  6:15  Zealot, Adept  
  80  6:16  Probe  
  86  6:20  Probe  
  86  6:22  Probe  
  87  6:28  Probe x2, Pylon  
  87  6:31  Probe  
  87  6:32  Immortal  
  90  6:33  Pylon  
  90  6:35  Protoss Ground Weapons Level 1  
  91  6:44  Probe  
  91  6:45  Probe  
  91  6:47  Probe  
  97  6:48  Charge  
  98  6:55  Assimilator  
  98  6:56  Probe  
  98  6:57  Assimilator, Probe  
  98  6:58  Gateway x2  
  100  7:02  Templar Archives  
  100  7:06  Observer  
  100  7:07  Zealot, Sentry  
  104  7:11  Pylon  
  105  7:19  Pylon  
  103  7:23  Warp Prism  
  105  7:35  Psionic Storm, Gateway  
  105  7:37  Gateway  
  105  7:38  Gateway  
  105  7:39  Probe  
  106  7:46  High Templar  
  106  7:47  High Templar  
  110  7:54  Pylon  
  108  8:00  Immortal  
  108  8:02  Protoss Ground Weapons Level 2  
  108  8:04  Zealot  
  114  8:06  Zealot  
  114  8:11  Pylon  
  114  8:12  Gateway  
  116  8:14  Gateway  
  116  8:16  Pylon x2  
  116  8:20  High Templar x2  
  116  8:23  Probe  
  116  8:24  Photon Cannon  
  116  8:27  Pylon  
  119  8:35  Probe  
  119  8:39  Immortal  
  124  8:44  Probe  
  125  8:49  Nexus  
  125  8:50  Pylon  
  125  9:00  Probe  
  125  9:01  Probe  
  121  9:02  Fleet Beacon  
  121  9:05  High Templar  
  121  9:06  Zealot, High Templar x2  
  121  9:07  Zealot x3  
  135  9:12  Gateway  
  135  9:14  Archon  
  135  9:18  Immortal  
  135  9:21  Pylon  
  139  9:34  Zealot x5  
  139  9:35  Zealot  
  151  9:41  Dark Shrine  
  151  9:43  Protoss Air Weapons Level 1  
  151  9:54  Zealot  
  151  9:55  Zealot x7  
  151  9:57  Protoss Ground Weapons Level 3  
  133  10:24  Probe x2  
  133  10:25  Tempest  
  133  10:27  Mothership  
  138  10:29  High Templar x2  
  138  10:30  High Templar x2  
  138  10:34  Assimilator  
  138  10:36  Probe x2  
  138  10:40  Assimilator  
  138  10:41  Archon x2  
  140  10:42  Zealot  
  140  10:48  Tempest  
  155  10:52  Photon Cannon  
  155  10:54  Pylon  
  155  10:55  Photon Cannon  
  155  10:56  Photon Cannon  
  155  10:58  Shield Battery  
  155  11:07  High Templar  
  155  11:08  Zealot x3, High Templar  
  155  11:09  Zealot x2  
  167  11:12  Archon  
  167  11:14  Photon Cannon  
  167  11:19  Tempest  
  170  11:26  Pylon  
  170  11:37  Tempest  
  173  11:48  Zealot x2, High Templar  
  173  11:49  Zealot x2  
  175  11:59  Zealot x4  
  178  12:02  Tempest  
  178  12:07  Observer, Dark Templar  
  181  12:12  Tempest  
  187  12:38  Observer  
  188  13:05  Zealot x6  
  178  13:37  Zealot x7  
  178  13:38  Zealot x3  
  200  13:44  Stargate  
  200  13:45  Gateway  
Show
View Real Time Build Order
Export as new Build Order

Nerchio Zerg 

Build Orders: Hatch First 

Get SALT Encoding   

  12  0:00  Drone  
  13  0:12  Overlord  
  13  0:17  Drone  
  14  0:31  Drone x2  
  16  0:49  Hatchery  
  15  0:52  Drone  
  15  0:56  Drone  
  17  1:01  Drone  
  18  1:10  Extractor  
  17  1:17  Spawning Pool  
  16  1:19  Drone  
  16  1:23  Drone  
  18  1:35  Drone  
  18  1:39  Drone  
  20  1:49  Overlord  
  20  2:03  Queen x2  
  20  2:04  Zergling x2  
  20  2:05  Zergling x2  
  26  2:11  Drone  
  26  2:12  Drone  
  28  2:17  Metabolic Boost  
  28  2:22  Drone  
  29  2:23  Drone  
  30  2:32  Drone  
  30  2:33  Drone  
  32  2:46  Hatchery  
  32  2:50  Overlord  
  31  2:56  Queen  
  33  2:59  Drone  
  33  3:01  Drone  
  33  3:05  Drone  
  36  3:13  Drone x4  
  36  3:15  Zergling x2  
  36  3:17  Zergling x2  
  42  3:21  Overlord  
  42  3:23  Drone  
  42  3:25  Drone  
  44  3:29  Overlord  
  44  3:33  Spore Crawler  
  43  3:39  Queen  
  45  3:45  Drone x4  
  49  3:49  Drone x2  
  49  3:54  Spore Crawler  
  50  4:00  Spore Crawler  
  50  4:01  Spore Crawler  
  50  4:02  Drone x2  
  50  4:06  Drone  
  50  4:08  Overlord  
  51  4:11  Drone x3  
  51  4:12  Drone  
  55  4:18  Spore Crawler, Drone  
  55  4:20  Drone  
  55  4:22  Drone  
  55  4:23  Drone  
  58  4:27  Drone x2  
  58  4:29  Drone  
  61  4:32  Overlord  
  61  4:34  Overlord  
  61  4:36  Drone  
  61  4:37  Drone  
  63  4:40  Overlord  
  63  4:44  Queen  
  65  4:48  Overlord  
  65  4:51  Spore Crawler  
  64  4:56  Lair  
  64  4:57  Queen  
  64  4:59  Drone  
  67  5:00  Drone  
  67  5:04  Drone x4  
  72  5:12  Spore Crawler, Drone x4  
  72  5:13  Spore Crawler  
  74  5:14  Drone  
  74  5:15  Drone  
  74  5:17  Spore Crawler  
  74  5:18  Extractor, Drone  
  74  5:21  Extractor  
  74  5:23  Evolution Chamber  
  74  5:25  Zergling x6  
  74  5:28  Zergling x4  
  75  5:36  Drone x5  
  77  5:43  Drone x2  
  77  5:44  Drone x2  
  77  5:45  Drone  
  77  5:47  Drone x2  
  82  5:52  Drone x3  
  85  5:57  Queen  
  85  5:59  Hydralisk Den  
  85  6:02  Drone x3  
  89  6:05  Drone x2  
  89  6:10  Extractor, Drone  
  89  6:11  Drone x2  
  89  6:16  Drone x2  
  89  6:17  Drone  
  90  6:20  Zerg Missile Weapons Level 1  
  90  6:25  Extractor  
  89  6:27  Queen  
  91  6:34  Queen  
  91  6:38  Queen  
  92  6:41  Hatchery  
  92  6:44  Drone  
  92  6:45  Drone x6  
  96  6:48  Overlord  
  96  6:50  Grooved Spines  
  96  6:51  Overlord  
  96  6:53  Overlord  
  96  7:00  Baneling Nest  
  96  7:01  Overlord x3  
  95  7:07  Drone  
  95  7:09  Queen  
  95  7:12  Extractor  
  95  7:24  Hydralisk x8  
  111  7:30  Hydralisk x2  
  111  7:36  Hydralisk x3  
  115  7:38  Evolution Chamber  
  120  7:46  Infestation Pit  
  120  7:48  Centrifical Hooks, Pneumatized Carapace  
  115  7:53  Drone x7  
  115  7:57  Drone x3  
  122  8:08  Zerg Ground Armor Level 1  
  122  8:14  Drone x9  
  122  8:19  Zerg Missile Weapons Level 2  
  130  8:24  Muscular Augments, Hive  
  129  8:28  Extractor  
  129  8:30  Overlord x2  
  129  8:31  Extractor  
  126  8:37  Zergling x2  
  126  8:38  Zergling x14  
  126  8:40  Spore Crawler  
  133  8:45  Overseer  
  129  8:57  Drone x3  
  129  8:59  Overseer  
  129  9:01  Spire  
  129  9:10  Overlord  
  129  9:12  Overseer  
  129  9:19  Hydralisk x6  
  141  9:24  Hatchery  
  140  9:32  Zergling x2  
  140  9:33  Zergling x28  
  140  9:34  Overlord x3  
  155  9:40  Adrenal Glands  
  155  9:42  Overlord  
  155  9:48  Baneling x12  
  155  9:51  Baneling  
  155  9:52  Baneling x5  
  155  9:53  Baneling x2  
  155  9:54  Baneling  
  155  9:58  Zergling x6  
  150  10:06  Hydralisk x3  
  148  10:09  Hydralisk  
  148  10:10  Hydralisk  
  146  10:14  Hydralisk  
  146  10:15  Hydralisk  
  146  10:17  Zergling x2  
  146  10:18  Zergling x2  
  146  10:21  Hydralisk  
  146  10:27  Hatchery  
  148  10:29  Drone  
  148  10:30  Drone x2  
  148  10:32  Drone  
  148  10:33  Drone x4  
  154  10:43  Baneling  
  154  10:44  Baneling x11  
  154  10:49  Greater Spire  
  154  11:07  Corruptor  
  154  11:08  Corruptor x5  
  165  11:18  Corruptor  
  165  11:19  Corruptor x2  
  165  11:23  Neural Parasite  
  171  11:32  Spore Crawler  
  170  11:33  Spore Crawler  
  170  11:35  Spore Crawler x2  
  167  11:48  Baneling x2  
  167  11:49  Zergling x36  
  183  11:57  Overlord x3  
  181  12:05  Overlord  
  181  12:06  Infestor x2  
  180  12:13  Overlord  
  180  12:23  Infestor x2  
  180  12:24  Infestor  
  180  12:27  Brood Lord x4  
  194  12:30  Brood Lord  
  194  12:33  Burrow  
  196  12:41  Brood Lord  
  198  12:47  Spore Crawler  
  198  12:51  Spine Crawler x2  
  195  13:02  Infestor x2  
  184  13:13  Overseer  
  186  13:20  Brood Lord x2  
  186  13:25  Hatchery  
  186  13:26  Spine Crawler  
  177  13:33  Zergling x2  
  177  13:34  Zergling x36  
Tags
 
Add a new tag
Caveats
  • Supply blocks, unpowered buildings, or Contaminate may cause inaccurate times.
  • Supply counts are checked every 10 seconds.